 Dungeon Crawl Stone Soup version 0.31.0-11-ge490571c62 (webtiles) character file.

Game seed: 13420762608362640556

10 browni3141 the Firebug (level 2, 0/19 HPs)
             Began as a Demonspawn Fire Elementalist on Jan 30, 2024.
             Slain by a quokka (3 damage)
             ... on level 1 of the Dungeon.
             The game lasted 00:00:24 (315 turns).

browni3141 the Firebug (DsFE)                        Turns: 315, Time: 00:00:25

Health: 0/19       AC:  2    Str:  8    XL:     2   Next: 10%
Magic:  5/5        EV: 12    Int: 15    God:
Gold:   0          SH:  0    Dex: 13    Spells: 4/5 levels left

rFire   . . .        (no weapon)
rCold   . . .        (no shield)
rNeg    . . .        a - +0 robe
rPois   .            (no helmet)
rElec   .            (no cloak)
rCorr   .            (no gloves)
SInv    .            (no boots)
Will    .....        (no amulet)
Stlth   ++           (no ring)
HPRegen 0.23/turn    (no ring)
MPRegen 0.09/turn

%: no passive effects
@: no status effects
A: foul stench 1
a: no special abilities


You were on level 1 of the Dungeon.
You visited 1 branch of the dungeon, and saw 1 of its levels.

Inventory:

Armour
 a - a +0 robe (worn)
Potions
 b - a potion of magic


   Skills:
 + Level 1.9 Dodging
 + Level 2.0 Stealth
 + Level 2.1 Spellcasting
 + Level 1.2 Conjurations
 + Level 2.8 Fire Magic


You had 4 spell levels left.
You knew the following spells:

 Your Spells              Type           Power      Damage    Failure   Level
a - Foxfire               Conj/Fire      28%        2x1d5     10%         1

Your spell library contained the following spells:

 Spells                   Type           Power      Damage    Failure   Level
 Scorch                   Fire           20%        2d5       11%         2
 Inner Flame              Hex/Fire       5%         N/A       36%         3
 Volatile Blastmotes      Fire/Tloc      10%        2d10      36%         3
 Flame Wave               Conj/Fire      7%         2d5       67%         4


Dungeon Overview and Level Annotations

Branches:
Dungeon (1/15)

Altars:


Innate Abilities, Weirdness & Mutations

You may rarely emit foul miasma when damaged in melee.


Message History

A kobold is nearby!
You conjure some foxfire!
You conjure some foxfire!
The foxfire hits the kobold.
The kobold is severely wounded.
The kobold shouts!
The foxfire hits the kobold.
You kill the kobold!
Your foxfire dissipates!
An endoplasm comes into view.
Your foxfire dissipates!
You conjure some foxfire!
The endoplasm jiggles.
Your foxfire dissipates! x2
An endoplasm is nearby!
An endoplasm is nearby!
You conjure some foxfire!
The endoplasm quivers.
The foxfire hits the endoplasm.
The endoplasm is moderately wounded.
The foxfire hits the endoplasm.
You kill the endoplasm!
A goblin comes into view. It is wielding a +0 club.
A goblin is nearby!
A goblin is nearby!
You miscast Foxfire.
You are very lightly contaminated with residual magic.
Nothing appears to happen.
The goblin shouts!
Found a stone staircase leading down.
A goblin comes into view. It is wielding a +0 dagger of pain.
You conjure some foxfire!
The foxfire hits the goblin.
The goblin is moderately wounded.
The foxfire hits the goblin.
The goblin is heavily wounded.
You conjure some foxfire!
The foxfire hits the goblin.
You kill the goblin!
The foxfire hits the goblin.
The goblin is severely wounded.
Your Stealth skill increases to level 2!
You have reached level 2!
Your demonic ancestry asserts itself...
You begin to emit a foul stench of rot and decay.
Your magical contamination has completely faded away.
Press: ? - help, v - describe, . - travel
Here: a goblin, wielding a +0 dagger of pain (severely wounded)
The floor.
The goblin barely misses you. The goblin closely misses you.
The goblin hits you with a +0 dagger of pain.
The goblin hits you with a +0 dagger of pain.
The goblin hits you but does no damage.
The goblin hits you with a +0 dagger of pain.
The goblin misses you. The goblin hits you but does no damage.
The goblin hits you with a +0 dagger of pain.
You emit a cloud of foul miasma!
The goblin is engulfed in dark miasma.
The goblin is poisoned.
You kill the goblin!
HP restored.
You see here a +0 dagger of pain.
A rat comes into view.
The rat squeaks loudly.
A quokka comes into view.
There are monsters nearby!
There are monsters nearby!
The rat barely misses you.
The rat twitches its whiskers.
The rat closely misses you. The rat barely misses you.
The rat closely misses you. The rat bites you but does no damage.
The rat barely misses you. The rat closely misses you.
The rat barely misses you. The rat bites you. The rat bites you.
The rat closely misses you. The rat bites you.
You emit a cloud of foul miasma!
The rat is engulfed in dark miasma.
The rat is poisoned.
The rat seems to slow down.
You kill the rat!
The quokka misses you. The quokka barely misses you. The quokka bites you.
The quokka bites you but does no damage.
The quokka completely misses you. The quokka bites you. x2
The quokka bites you. The quokka closely misses you.
The quokka bites you but does no damage.
The quokka barely misses you. The quokka bites you.
The quokka barely misses you. The quokka closely misses you.
The quokka bites you but does no damage.
The quokka closely misses you. The quokka misses you. The quokka bites you. x2
You die...

.###....#.......# .# ##
#................ #.
##.###.#####......... #
#..##.#####.......## #
##.............#.... #
##..........#....##
######(..........#.....#
....................##.#
...###.........r@†......
...##............##.####
......#...............#
....###..........##....
...#############.# ..#
)........ .... .
...###### ####. ...# ..
...# .


You could see a quokka.

Vanquished Creatures
  A dart slug (D:1)
  A ball python (D:1)
  An endoplasm (D:1)
  2 goblins (D:1)
  A kobold (D:1)
  A rat (D:1)
7 creatures vanquished.

Vanquished Creatures (others)
  24 foxfires (D:1)
24 creatures vanquished.

Grand Total: 31 creatures vanquished

Notes
Turn   | Place    | Note
-------+----------+-------------------------------------------
     0 | D:1      | browni3141 the Demonspawn Fire Elementalist began the quest
                  | for the Orb.
     0 | D:1      | Reached XP level 1. HP: 13/13 MP: 3/3
   206 | D:1      | Gained mutation: You may rarely emit foul miasma when
                  | damaged in melee. [demonic ancestry]
   206 | D:1      | Reached XP level 2. HP: 19/19 MP: 0/5
   315 | D:1      | Slain by a quokka

Illustrated notes

Levels and vault maps discovered:
D:1:      minmay_arrival_five_plusses, layout_rooms, serial_shops, shop, shop,
          shop, hangedman_decor_push, nicolae_shop_unique_rings,
          roderic_malta_cross, minmay_vboxes

Skill      XL: |  1 |
---------------+----+-----
Stealth        | 2 |  2.0
Dodging        | |  1.9
Spellcasting   | |  2.1
Conjurations   | |  1.2
Fire Magic     | |  2.8

Action                     || total
---------------------------++-------
   Cast: Foxfire           ||    12
 Armour: Robe              ||    21
  Dodge: Dodged            ||    22
